 Dungeon Crawl Stone Soup version 0.27-a0-1359-ga2a4dfd6fd (webtiles) character file.

Game seed: 13910893044317612829

19291 ABBCCCDDDD the Covert (level 13, -13/76 HPs)
             Began as a Kobold Delver on June 28, 2021.
             Was a Priest of Qazlal.
             Shot with a bolt by an orc knight (26 damage)
             ... on level 1 of the Orcish Mines.
             The game lasted 00:47:51 (19276 turns).

ABBCCCDDDD the Covert (Kobold Delver)              Turns: 19276, Time: 00:47:52

Health: -13/76     AC:  9    Str:  9    XL:     13   Next: 3%
Magic:  20/20      EV: 19    Int: 18    God:    Qazlal [***...]
Gold:   421        SH:  4    Dex: 21    Spells: 14/22 levels left

rFire    + . .     SeeInvis .   H - +11 rapier "Giantslayer" {pain, rF+}
rCold    . . .     Faith    .   (shield restricted)
rNeg     + . .     Spirit   .   b - +0 leather armour
rPois    .         Reflect  .   (helmet restricted)
rElec    .         Harm     .   A - +0 cloak
rCorr    .         Rampage  .   (no gloves)
Will     .....                  o - +0 pair of boots
Stlth    +++.......             (no amulet)
HPRegen  0.22/turn              x - +4 ring of protection
MPRegen  0.17/turn              q - ring of positive energy

@: studying Slings
A: small, no large weapons, nightstalker 3, antennae 1, agile 2, clever 1, wild
magic 1
a: Renounce Religion, Upheaval, Elemental Force


You were on level 1 of the Orcish Mines.
You worshipped Qazlal.
Qazlal was most pleased with you.
You visited 3 branches of the dungeon, and saw 12 of its levels.
You also visited: Bailey.

You collected 793 gold pieces.
You spent 372 gold pieces at shops.

Inventory:

Hand Weapons
 s - a +4 dagger
 v - a +1 dagger of venom
 G - a +2 dagger of speed
 H - the +11 rapier "Giantslayer" (weapon) {pain, rF+}
   (You took it off an orc on level 9 of the Dungeon)

   In the hands of one skilled in necromantic magic, it inflicts extra damage on
   living creatures.
   rF:        It protects you from fire.
 J - a +0 whip of electrocution
Missiles
 K - 2 curare-tipped darts (quivered)
Armour
 b - a +0 leather armour (worn)
 o - a +0 pair of boots (worn)
 A - a +0 cloak (worn)
 F - a +0 troll leather armour
Jewellery
 a - a ring of fire
 q - a ring of positive energy (right hand)
 x - a +4 ring of protection (left hand)
Wands
 g - a wand of digging (8)
 h - a wand of mindburst (1)
 i - a wand of flame (11)
 l - a wand of paralysis (8)
 u - a wand of charming (6)
Scrolls
 c - a scroll of fog
 d - a scroll of identify
 e - 3 scrolls of noise
 j - 3 scrolls of teleportation
 m - a scroll of vulnerability
 r - 13 scrolls of enchant weapon
 w - a scroll of silence
 y - a scroll of acquirement {unknown}
 z - 3 scrolls of enchant armour {unknown}
 E - a scroll of immolation {unknown}
 I - a scroll of fear
Potions
 f - 3 potions of haste
 k - a potion of berserk rage
 n - 2 potions of lignification
 p - 3 potions of heal wounds
 t - a potion of ambrosia
 B - a potion of flight
 C - 9 potions of curing
 D - 3 potions of might


   Skills:
 - Level 6.8 Fighting
 + Level 8.1 Short Blades
 - Level 3.0 Armour
 + Level 7.4 Dodging
 - Level 9.0 Stealth
 - Level 5.0 Spellcasting
 + Level 7.1 Conjurations
 - Level 5.7 Hexes
 + Level 7.1 Fire Magic
 - Level 5.6 Ice Magic
 - Level 6.6 Air Magic
 + Level 1.8 Invocations
 - Level 7.0 Evocations


You had 14 spell levels left.
You knew the following spells:

 Your Spells              Type           Power      Damage    Failure   Level
a - Swiftness             Air            37%        N/A       6%          3
b - Ensorcelled Hibernat  Hex/Ice        64%        N/A       4%          2
c - Conjure Flame         Conj/Fire      39%        6-21      5%          3

Your spell library contained the following spells:

 Spells                   Type           Power      Damage    Failure   Level
 Shock                    Conj/Air       100%       1d9       2%          1
 Corona                   Hex            35%        N/A       3%          1
 Static Discharge         Conj/Air       38%        N/A       3%          2
 Dazzling Flash           Conj/Hex       72%        N/A       6%          3
 Confusing Touch          Hex            32%        N/A       8%          3
 Tukima's Dance           Hex            32%        N/A       8%          3
 Poisonous Vapours        Pois/Air       42%        N/A       11%         2
 Mephitic Cloud           Conj/Pois/Air  27%        N/A       13%         3
 Airstrike                Air            18%        N/A       17%         4
 Summon Guardian Golem    Hex/Summ       19%        N/A       24%         3
 Beastly Appendage        Tmut           10%        N/A       26%         1
 Summon Small Mammal      Summ           20%        N/A       26%         1
 Call Imp                 Summ           5%         N/A       34%         2
 Wereblood                Tmut           5%         N/A       34%         2
 Lightning Bolt           Conj/Air       19%        1d33      36%         5
 Freezing Cloud           Conj/Ice/Air   18%        6-21      43%         5
 Summon Lightning Spire   Summ/Air       21%        N/A       50%         4
 Call Canine Familiar     Summ           5%         N/A       56%         3
 Spider Form              Tmut/Pois      2%         N/A       56%         3
 Ice Form                 Ice/Tmut       19%        N/A       58%         4
 Summon Ice Beast         Ice/Summ       19%        N/A       58%         4


Dungeon Overview and Level Annotations

Branches:
Dungeon (9/15)             Temple (1/1) D:6             Orc (2/2) D:9
 Bailey (visited)
   Lair: D:8-11         Elf: Orc:2

Altars:
Ashenzari
Cheibriados
Dithmenos
Elyvilon
Fedhas
Gozag
Hepliaklqana
Kikubaaqudgha
Makhleb
Nemelex Xobeh
Okawaru
Qazlal
Ru
Sif Muna
Trog
Uskayaw
Vehumet
Wu Jian
Xom
Yredelemnul
Zin
The Shining One
Beogh

Shops:
D:4 *   D:5 ::*!!


Innate Abilities, Weirdness & Mutations

You are small and have problems with some larger weapons.
You are completely attuned to the shadows.
You have a pair of small antennae on your head.
You are very agile. (Dex +4)
Your mind is acute. (Int +2)
Your spells are a little harder to cast, but a little more powerful.


Message History

You hit the orc knight but do no damage.
The orc knight is heavily wounded.
The orc knight closely misses you.
You closely miss the orc knight.
The orc knight is heavily wounded.
You block the orc knight's attack.
You hit the orc knight.
The orc knight is heavily wounded.
The orc knight barely misses you.
You hit the orc knight.
The orc knight is severely wounded.
You barely miss the orc knight.
The orc knight is severely wounded.
The orc knight is engulfed in freezing vapours.
The orc knight hits you with a +0 great sword!!
You are too injured to fight recklessly!
You are too injured to fight recklessly!
The orc knight is engulfed in freezing vapours.
The orc knight closely misses you.
You climb upwards.
There is a stone staircase leading down here.
The orc knight unwields a +0 great sword.
The orc knight wields a +0 arbalest.
The orc knight shoots a bolt.
The bolt closely misses you.
You see here a +0 flail.
The orc knight shoots a bolt.
The bolt completely misses you.
The orc knight shoots a bolt.
The bolt completely misses you.
You start resting.
An orc knight is nearby!
The orc knight shouts!
The orc knight shoots a bolt.
The bolt barely misses you.
You start resting.
An orc knight is nearby!
The orc knight unwields a +0 arbalest.
The orc knight wields a +0 great sword.
The orc knight hits you with a +0 great sword!!
* * * LOW HITPOINT WARNING * * *
The orc knight unwields a +0 great sword.
The orc knight wields a +0 arbalest.
The orc knight shoots a bolt.
The bolt hits you!!
You die...

### ### #.## ####.# ###..#
#.#..## ##....#
##.#...####....#####
.#.......#.......#.#
..............o....###
.....#.......##○.....##
....###.....###.@.....#
..#####.....# ####....#
....#.......#####.....####
#...##.......)>......###.##
#......#.......o..######..##
#......####.....### ###....##
#......# ##...)..###.#.....#
##.....# ##......##........###
##...#####.....[.............#


You could see an orc knight.

Vanquished Creatures
  A two-headed ogre (D:9)
  Sonja (Orc:1)
  5 orc knights (Bailey)
  An orc sorcerer (Orc:1)
  Maurice (D:8)
  5 trolls
  Sigmund (D:3)
  A wyvern (D:5)
  17 orc warriors
  5 yaks
  A wraith (D:7)
  A steam dragon (D:7)
  2 wargs (D:8)
  3 water moccasins
  A black bear (D:4)
  An ice beast (D:6)
  A sky beast (D:8)
  A hornet zombie (D:7)
  7 ogres
  A necrophage (D:6)
  3 centaurs
  A phantom (D:6)
  2 gnoll sergeants
  4 scorpions
  A bullfrog (D:9)
  A wyvern zombie (D:8)
  A water moccasin skeleton (D:6)
  2 wyvern skeletons
  2 wights
  A bullfrog zombie (D:6)
  A centaur zombie (D:6)
  12 orc priests
  4 centaur skeletons
  3 hounds
  Crazy Yiuf (D:5)
  2 jellies
  Ijyb (D:4)
  An iguana (D:5)
  15 orc wizards
  2 howler monkey zombies
  14 gnolls
  7 adders
  2 shadow imps
  An ufetubus (D:4)
  3 worms
  A dart slug (D:1)
  62 orcs
  3 bats
  3 endoplasms
  4 giant cockroaches
  8 hobgoblins
  6 jackals (D:4)
  6 kobolds
  5 quokkas
  8 ball pythons
  2 frilled lizards (D:1)
  14 goblins
  3 rats
269 creatures vanquished.

Vanquished Creatures (collateral kills)
  5 orcs (Bailey)
5 creatures vanquished.

Vanquished Creatures (others)
  An orc warrior (Bailey)
  A shadow imp (D:7)
  An orc (D:7)
3 creatures vanquished.

Grand Total: 277 creatures vanquished

Notes
Turn   | Place    | Note
-------+----------+-------------------------------------------
     0 | D:5      | ABBCCCDDDD the Kobold Delver began the quest for the Orb.
     0 | D:5      | Reached XP level 1. HP: 14/14 MP: 1/1
    34 | D:5      | Reached XP level 2. HP: 19/19 MP: 2/2
    35 | D:5      | Found Veowaz's Book Emporium.
    69 | D:6      | Noticed a necrophage
    90 | D:6      | Found a sacrificial altar of Ru.
   262 | D:5      | Reached XP level 3. HP: 23/23 MP: 3/3
   266 | D:5      | Found Hyragetomiu's Distillery.
   270 | D:4      | Noticed a black bear
   306 | D:4      | Noticed Ijyb
   311 | D:4      | Killed Ijyb
   312 | D:4      | Reached skill level 7 in Stealth
   312 | D:4      | Reached skill level 1 in Evocations
   312 | D:4      | Reached XP level 4. HP: 29/29 MP: 4/4
   599 | D:4      | Reached XP level 5. HP: 33/33 MP: 5/5
  1293 | D:2      | Learned a level 3 spell: Swiftness
  1537 | D:2      | Found a faded altar of an unknown god.
  3174 | D:3      | Reached XP level 6. HP: 38/38 MP: 6/6
  3277 | D:3      | Noticed Sigmund
  4190 | D:4      | Learned a level 2 spell: Ensorcelled Hibernation
  4256 | D:4      | Reached skill level 1 in Spellcasting
  4256 | D:4      | Reached skill level 1 in Air Magic
  4363 | D:4      | Killed a black bear
  4364 | D:4      | Reached XP level 7. HP: 42/44 MP: 7/9
  4533 | D:4      | Found Cocykost's General Store.
  4540 | D:4      | Bought a scroll of identify for 22 gold pieces
  4540 | D:4      | Bought 2 potions of degeneration for 22 gold pieces
  4759 | D:3      | Killed Sigmund
  4760 | D:3      | Reached skill level 8 in Stealth
  5495 | D:4      | Reached XP level 8. HP: 17/48 MP: 11/11
  5770 | D:4      | Reached skill level 5 in Short Blades
  6102 | D:5      | Noticed a wyvern
  6448 | D:5      | Found Sossitioni's Assorted Antiques.
  6846 | D:4      | Gained mutation: You are partially covered in iridescent
                  | scales. (AC +2) [potion of mutation]
  6846 | D:4      | Gained mutation: You have a somewhat thin skeletal
                  | structure. (Dex +2, Stealth+) [potion of mutation]
  6846 | D:4      | Gained mutation: You are agile. (Dex +2) [potion of
                  | mutation]
  6848 | D:4      | HP: 2/48 [poisoned by an orc]
  7260 | D:5      | Killed a wyvern
  7261 | D:5      | Reached skill level 5 in Fighting
  7449 | D:5      | Reached skill level 1 in Hexes
  7449 | D:5      | Reached skill level 1 in Ice Magic
  7744 | D:5      | Bought a scroll labelled XIOSAO ZIASH for 26 gold pieces
  7744 | D:5      | Bought a scroll labelled ROYCLUAFECI for 26 gold pieces
  7798 | D:5      | Found a runed translucent door.
  7801 | D:5      | Noticed Crazy Yiuf
  7806 | D:5      | Killed Crazy Yiuf
  7920 | D:5      | Reached skill level 5 in Dodging
  8333 | D:5      | Found Ytiewour's Distillery.
  8338 | D:5      | Bought a potion of flight for 36 gold pieces
  8338 | D:5      | Bought a potion of curing for 36 gold pieces
  8495 | D:5      | Lost mutation: You are partially covered in iridescent
                  | scales. (AC +2) [potion of mutation]
  8495 | D:5      | Gained mutation: You are partially covered in iridescent
                  | scales. (AC +2) [potion of mutation]
  8495 | D:5      | Gained mutation: Your spells are a little harder to cast,
                  | but a little more powerful. [potion of mutation]
  8495 | D:5      | Lost mutation: You are partially covered in iridescent
                  | scales. (AC +2) [potion of mutation]
  8495 | D:5      | Gained mutation: Your spells are harder to cast, but more
                  | powerful. [potion of mutation]
  8555 | D:5      | Bought a potion of mutation for 96 gold pieces
  8555 | D:5      | Lost mutation: Your spells are harder to cast, but more
                  | powerful. [potion of mutation]
  8555 | D:5      | Lost mutation: You have a somewhat thin skeletal structure.
                  | (Dex +2, Stealth+) [potion of mutation]
  8555 | D:5      | Gained mutation: You have a pair of small antennae on your
                  | head. [potion of mutation]
  8555 | D:5      | Gained mutation: Your mind is acute. (Int +2) [potion of
                  | mutation]
  8555 | D:5      | Gained mutation: You are very agile. (Dex +4) [potion of
                  | mutation]
  8636 | D:5      | Found Siuv's Book Shoppe.
  8672 | D:6      | Reached XP level 9. HP: 54/54 MP: 13/13
  9189 | D:6      | Found a staircase to the Ecumenical Temple.
  9196 | Temple   | Entered the Ecumenical Temple
  9445 | Temple   | Became a worshipper of Qazlal Stormbringer
  9762 | D:6      | Reached skill level 9 in Stealth
 10076 | D:7      | Noticed a troll
 10081 | D:7      | Killed a troll
 10090 | D:7      | Noticed a troll
 10096 | D:7      | Killed a troll
 10097 | D:7      | Reached skill level 5 in Air Magic
 10097 | D:7      | Reached skill level 5 in Evocations
 10097 | D:7      | Reached XP level 10. HP: 60/60 MP: 14/14
 10263 | D:7      | Found a flagged portal.
 10293 | Bailey   | Entered a bailey
 10350 | Bailey   | Reached * piety under Qazlal
 10904 | Bailey   | Noticed an orc knight
 10908 | Bailey   | Killed an orc knight
 10946 | Bailey   | Noticed an orc knight
 10956 | Bailey   | Killed an orc knight
 10972 | Bailey   | Noticed an orc knight
 10977 | Bailey   | Killed an orc knight
 10978 | Bailey   | Reached skill level 5 in Hexes
 10978 | Bailey   | Reached skill level 5 in Ice Magic
 11074 | Bailey   | Noticed an orc knight
 11079 | Bailey   | Killed an orc knight
 11775 | Bailey   | Noticed an orc knight
 11782 | Bailey   | Killed an orc knight
 11782 | Bailey   | Reached ** piety under Qazlal
 11783 | Bailey   | Reached XP level 11. HP: 66/66 MP: 15/15
 12499 | D:6      | Learned a level 3 spell: Conjure Flame
 13195 | D:7      | Reached skill level 1 in Conjurations
 13195 | D:7      | Reached skill level 1 in Fire Magic
 14800 | D:8      | Noticed Maurice
 15827 | D:8      | Killed Maurice
 15925 | D:9      | Noticed a two-headed ogre
 16282 | D:9      | Identified the +11 rapier "Giantslayer" {pain, rF+}
 16303 | D:9      | Killed a two-headed ogre
 16558 | D:9      | Found a broken altar of Ashenzari.
 16560 | D:9      | Found a shadowy altar of Dithmenos.
 16647 | D:9      | Found a staircase to the Orcish Mines.
 16853 | D:9      | Reached XP level 12. HP: 71/71 MP: 19/19
 16937 | D:9      | Found a blossoming altar of Fedhas.
 17190 | D:5      | Bought a potion of heal wounds for 75 gold pieces
 17213 | D:4      | Bought a scroll of teleportation for 33 gold pieces
 17325 | Orc:1    | Entered Level 1 of the Orcish Mines
 17753 | Orc:1    | Reached skill level 5 in Spellcasting
 17879 | Orc:1    | Reached *** piety under Qazlal
 17937 | Orc:1    | Noticed a sun demon
 18544 | Orc:1    | Noticed Sonja
 18549 | Orc:1    | Killed Sonja
 18550 | Orc:1    | Reached skill level 1 in Invocations
 18652 | D:9      | Reached XP level 13. HP: 53/76 MP: 20/20
 18994 | Orc:2    | Entered Level 2 of the Orcish Mines
 19276 | Orc:1    | Shot with a bolt by an orc knight

Illustrated notes

Levels and vault maps discovered:
D:1:      saegor_arrival_simple_a, layout_basic, serial_rivers,
          chequers_serial_rivers_micro_c, chequers_serial_rivers_large_a,
          chequers_serial_rivers_small_b, chequers_serial_rivers_room_a,
          chequers_serial_rivers_large_b, chequers_serial_rivers_room_b,
          minmay_tree_intersection, minmay_vboxes
D:2:      layout_loops_ring, dilly_ecumenical_altar_fadedgnrine
D:3:      layout_basic, uniq_sigmund
D:4:      layout_gridville, serial_shops, shop_statue,
          kennysheep_generic_room_4, uniq_ijyb
D:5:      layout_loops_cross, serial_shops, nicolae_stop_n_shop_1, shop, shop,
          kennysheep_mini, nicolae_square_shop, minmay_manual_mess,
          uniq_crazy_yiuf_cottage
D:6:      layout_rooms, amcnicky_altar_gilded, minmay_temple_entry_glass
D:7:      minmay_cornered_nines, layout_basic, enter_bailey_4,
          kennysheep_generic_room_5
D:8:      layout_loops_ring, uniq_maurice
D:9:      layout_basic, minitemple, fedhas_altar_1,
          minmay_orc_entry_temple_small
Temple:   eino_narrow_crystal_temple
Orc:1:    layout_diamond_mine, uniq_sonja
Orc:2:    grunt_orc_tribal_feast, layout_caves, lightli_orcish_oven

Skill      XL: |  1  2  3  4  5  6  7  8  9 10 11 12 |
---------------+-------------------------------------+-----
Short Blades   | 3 4 5 6 7 8 |  8.1
Dodging        | 3 4 5 6 7 |  7.4
Stealth        | 7 8 9 |  9.0
Evocations     | 1 2 3 4 5 6 7 |  7.0
Fighting       | 4 5 6 |  6.8
Spellcasting   | 1 2 3 4 5 |  5.0
Air Magic      | 1 2 3 5 6 |  6.6
Hexes          | 2 3 5 |  5.7
Ice Magic      | 2 3 5 |  5.6
Conjurations   | 6 7 |  7.1
Fire Magic     | 6 7 |  7.1
Armour         | 3 |  3.0
Invocations    | 1 |  1.8

Action                   |  1- 3 |  4- 6 |  7- 9 | 10-12 | 13-15 || total
-------------------------+-------+-------+-------+-------+-------++-------
Melee: Short sword       |    20 |   174 |   161 |       |       ||   355
       Dagger            |       |       |   294 |   592 |       ||   886
       Rapier            |       |       |       |   142 |    62 ||   204
 Cast: Swiftness         |       |       |     1 |     1 |       ||     2
       Ensorcelled Hiber |       |       |       |    21 |       ||    21
Evoke: Wand              |     3 |     1 |    10 |    29 |       ||    43
  Use: Potion            |       |     6 |     5 |     3 |       ||    14
       Scroll            |       |     3 |       |     7 |       ||    10
 Stab: Sleeping          |     3 |    43 |    18 |     5 |       ||    69
       Paralysed         |       |       |       |     3 |       ||     3
Armor: Leather armour    |     4 |    17 |    92 |    99 |     2 ||   214
Dodge: Dodged            |     9 |    81 |   322 |   449 |    43 ||   904
Block: Other             |       |       |       |    44 |    10 ||    54

Table legend: (Time is in decaauts)
 A = Elapsed time spent in this place.
 B = Non-inter-level travel time spent in this place.
 C = Inter-level travel time spent in this place.
 D = Time resting spent in this place.
 E = Time spent auto-exploring this place.
 F = Levels seen in this place.
 G = Mean time per level.
                   A        B        C        D        E       F      G
               +--------+--------+--------+--------+--------+-----+--------+
         Total |  19006 |  17597 |   1409 |   6771 |   7484 |  13 | 1462.0 |
       Dungeon |  16492 |  15154 |   1338 |   5380 |   6991 |   9 | 1832.4 |
        Temple |    258 |    211 |     47 |      0 |    205 |   1 |  258.0 |
  Orcish Mines |    695 |    671 |     24 |    239 |    204 |   2 |  347.5 |
        Bailey |   1560 |   1560 |      0 |   1152 |     84 |   1 | 1560.0 |
               +--------+--------+--------+--------+--------+-----+--------+

Top non-repeatable levels by time:
     D:7: 2860 daAuts
     D:4: 2773 daAuts
     D:5: 1920 daAuts
     D:9: 1808 daAuts
     D:6: 1620 daAuts
     D:3: 1614 daAuts
  Bailey: 1560 daAuts
     D:8: 1489 daAuts
     D:2: 1204 daAuts
     D:1: 1201 daAuts
   Orc:1: 650 daAuts
  Temple: 258 daAuts
   Orc:2: 45 daAuts
